 Dungeon Crawl Stone Soup version 0.27.1-37-g7b29ead8ac (console) character file.

Game seed: 17155770499165348335

955 grimtooth the Cleaver (level 7, 0/58 HPs)
             Began as a Palentonga Abyssal Knight on May 15, 2023.
             Was a Believer of Lugonu.
             Slain by a yak (11 damage)
             ... on level 4 of the Dungeon.
             The game lasted 00:17:11 (5353 turns).

grimtooth the Cleaver (Palentonga Abyssal Knight)   Turns: 5353, Time: 00:17:14

Health: 0/58       AC: 14    Str: 17    XL:     7   Next: 91%
Magic:  9/9        EV:  9    Int: 13    God:    Lugonu [**....]
Gold:   237        SH:  0    Dex:  9    Spells: 6/6 levels left

rFire    + . .     SeeInvis +   a - +2 hand axe
rCold    . . .     Faith    .   (no shield)
rNeg     . . .     Spirit   .   j - +2 leather armour {rF+}
rPois    .         Reflect  .   s - +0 helmet
rElec    .         Harm     .   (no cloak)
rCorr    .         Rampage  .   (no gloves)
Will     +....                  (no barding)
Stlth    +.........             (no amulet)
HPRegen  0.19/turn              t - ring of willpower
MPRegen  0.11/turn              (no ring)

@: curled up
A: large, rugged brown scales 3, see invisible, deformed body, roll 1, armoured
tail, reflexive curl
a: Rolling Charge, Renounce Religion, Depart the Abyss, Bend Space


You were on level 4 of the Dungeon.
You worshipped Lugonu.
Lugonu was pleased with you.
You visited 1 branch of the dungeon, and saw 5 of its levels.
You visited the Abyss 1 time.

You collected 237 gold pieces.

Inventory:

Hand Weapons
 a - a +2 hand axe (weapon)
Missiles
 g - 2 curare-tipped darts
 h - 49 stones (quivered)
 l - 11 poisoned darts
 n - 49 sling bullets
Armour
 b - a +0 leather armour
 j - a +2 leather armour of fire resistance (worn)
 s - a +0 helmet (worn)
Jewellery
 k - a ring of magical power
 t - a ring of willpower (left hand)
Scrolls
 c - a scroll of torment
 e - a scroll of magic mapping {unknown}
 i - a scroll of fear {unknown}
 q - a scroll of brand weapon {unknown}
Potions
 d - 2 potions of curing {unknown}
 f - a potion of lignification
 m - a potion of invisibility
 o - a potion of brilliance {unknown}
 p - a potion of flight


   Skills:
 + Level 4.5 Fighting
 * Level 8.4 Axes
 - Level 1.5 Armour
 - Level 0.7 Dodging
 - Level 3.0 Invocations


You had 6 spell levels left.
You didn't know any spells.
Your spell library contained the following spells:

 Spells                   Type           Power      Damage    Failure   Level
 Ensorcelled Hibernation  Hex/Ice        0%         N/A       50%         2
 Spider Form              Tmut/Pois      0%         N/A       73%         3
 Shadow Creatures         Summ           N/A        N/A       100%        6


Dungeon Overview and Level Annotations

Branches:
Dungeon (5/15)
 Temple: D:4-7

Altars:
Kikubaaqudgha


Innate Abilities, Weirdness & Mutations

You are completely covered in rugged brown scales. (AC +3, +7% HP)
You have supernaturally acute eyesight. (SInv)
Armour fits poorly on your strangely shaped body.
You can roll at nearby foes to attack.
You have a long armoured tail.
You curl defensively after being hit.


Message History

The centaur is severely wounded.
You hit the yak. The centaur closely misses you.
The centaur kicks you but does no damage.
The yak barely misses you.
A jelly comes into view.
The centaur barely misses you.
The centaur kicks you but does no damage.
The jelly quivers.
You hit the centaur.
The centaur is severely wounded.
You hit the yak. The centaur completely misses you.
The centaur kicks you but does no damage.
The yak gores you!
You barely miss the centaur. You tail-slap the centaur.
You kill the centaur!
Lugonu accepts your kill.
You hit the yak. The yak gores you but does no damage.
The yak closely misses you.
There is a stone staircase leading up, spattered with blood here.
The yak gores you!
* * * LOW HITPOINT WARNING * * *
You climb upwards.
There is a stone staircase leading down here.
The yak gores you!
* * * LOW HITPOINT WARNING * * *
Space bends around you!
You blink.
The yak snorts and paws the ground.
Press: ? - help, v - describe, . - travel, g - get item
Here: a yak (heavily wounded) Item here: a +0 short sword.
The floor.
Roll where?
Press: ? - help, Dir - move target, f - yak
Aim: a yak (heavily wounded)
You roll forward with a clatter of scales!
You slash the yak!
The yak is severely wounded.
The yak gores you!
You die...

######### #.......# ####
###.#####.# ...# #...#####.# ...#
############### ###.#...#.# ...#
#.............# #.#.#.#.#
...####.............# #.#.#.#.#
....................# #.#......
.#..).#.............# #.....#.#
.#.##.#.............# #.#......
.#......<..)...Y@☼○○# ####....#
.#..#.#.............# #....#
.#..#........###############....#
.#..#####.##.########...........#
....>...........................#
####......###############.##..#..
.................................
###.##..#.###################.#..
#.##..#.# #.### ###.##..#.# #.# #
..........######### #.###


You could see a yak.

Vanquished Creatures
  A necrophage (D:4)
  2 centaurs
  2 phantoms
  A water moccasin skeleton (D:5)
  A jelly (D:5)
  A bullfrog zombie (D:5)
  A bullfrog skeleton (D:4)
  A gnoll shaman (D:4)
  3 hounds
  2 iguanas (D:5)
  2 orc wizards (D:5)
  Terence (D:1)
  6 gnolls
  4 adders
  A white imp (D:4)
  An ufetubus (D:4)
  A worm (D:3)
  3 dart slugs
  3 bats
  5 endoplasms
  A giant cockroach (D:1)
  8 goblins
  11 hobgoblins
  4 jackals (D:3)
  3 quokkas
  9 ball pythons
  A frilled lizard (D:2)
  5 kobolds
  6 rats
90 creatures vanquished.

Notes
Turn   | Place    | Note
-------+----------+-------------------------------------------
     0 | Abyss:1  | grimtooth the Palentonga Abyssal Knight began the quest for
                  | the Orb.
     0 | Abyss:1  | Reached XP level 1. HP: 19/19 MP: 2/2
    94 | Abyss:1  | Noticed a great orb of eyes
    96 | D:1      | Escaped the Abyss
   169 | D:1      | Reached XP level 2. HP: 25/25 MP: 3/3
   173 | D:1      | Reached * piety under Lugonu
   184 | D:1      | Reached skill level 3 in Axes
   608 | D:1      | Reached XP level 3. HP: 31/31 MP: 4/4
   778 | D:1      | Found a faded altar of an unknown god.
  1110 | D:2      | Reached skill level 4 in Axes
  1387 | D:2      | Reached XP level 4. HP: 37/37 MP: 5/5
  1561 | D:2      | Found an ancient bone altar of Kikubaaqudgha.
  1586 | D:2      | Noticed Terence
  1642 | D:1      | - well how did i manage this
  1662 | D:1      | Killed Terence
  2219 | D:3      | Reached skill level 5 in Axes
  2627 | D:3      | Reached XP level 5. HP: 42/43 MP: 6/6
  2822 | D:4      | Noticed a phantom
  2840 | D:4      | Killed a phantom
  2841 | D:4      | Reached skill level 6 in Axes
  2908 | D:4      | Noticed a necrophage
  3043 | D:4      | Reached XP level 6. HP: 48/50 MP: 7/7
  3043 | D:4      | Reached ** piety under Lugonu
  3619 | D:4      | Reached skill level 7 in Axes
  3856 | D:5      | Entered Level 5 of the Dungeon
  4155 | D:5      | Noticed an orc warrior
  4427 | D:5      | Gained mutation: You curl defensively after being hit.
                  | [Palentonga growth]
  4427 | D:5      | Reached XP level 7. HP: 18/55 MP: 9/9
  4427 | D:5      | Noticed a yak
  5143 | D:5      | Reached skill level 8 in Axes
  5353 | D:4      | Slain by a yak

Illustrated notes

#...##########..##
#.......## ##..#
##.......### ##.#
#####.....# #..
##########.##.######.
#........#.##.....##.
#.######.....####....
#....# ###.#..#####..
####.# #..#..# ##..
#@# ##>.#.###..# #@#
###.......##
#.#####...#.......
#.#..<##########..
###.....# #..
#......## ####.#
##.......# ##....#
#####...##...###.....#
#.......###......##..#
#......## ##.....##..#
#.##...# #.......).#
#.##...## ######....#


Turn 1642 on D:1: - well how did i manage this

Levels and vault maps discovered:
D:1:      amcnicky_arrival_wind_blow, layout_rooms,
          ebering_ecumenical_altar_hall
D:2:      layout_loops_ring, basic_altar, uniq_terence
D:3:      layout_rooms, grunt_ministairs_3
D:4:      layout_basic
D:5:      cheibrodos_fzero, layout_basic, okawaru_altar_gauntlet_db,
          minmay_temple_entry_drinking_statues

Skill      XL: |  1  2  3  4  5  6  7 |
---------------+----------------------+-----
Axes           | 3 4 5 6 7 8 |  8.4
Invocations    | 3 |  3.0
Fighting       | 4 |  4.5
Armour         | |  1.5
Dodging        | |  0.7

Action                   |  1- 3 |  4- 6 |  7- 9 || total
-------------------------+-------+-------+-------++-------
Melee: Hand axe          |    87 |   160 |    73 ||   320
       Tailslap          |     8 |    13 |     9 ||    30
Throw: Stone             |       |     8 |     4 ||    12
       Dart              |       |     2 |       ||     2
Invok: Depart the Abyss  |     1 |       |       ||     1
       Bend Space        |       |       |     1 ||     1
 Abil: Rolling Charge    |    24 |    32 |     8 ||    64
  Use: Scroll            |       |    10 |       ||    10
       Potion            |       |     1 |     1 ||     2
Armor: Leather armour    |    26 |    65 |    40 ||   131
Dodge: Dodged            |    60 |    68 |    47 ||   175
